Map: Abyssal Reef LE

Players

LiquidClem (Clem) - Winner!

  • Race: Terran Terran
  • League: Grandmaster
  • Spawn Location: 5:00

Serral

  • Race: Zerg Zerg
  • League: Master
  • Spawn Location: 11:00

Event: HomeStory Cup XXVI

VOD

Have the link to the VOD?

Description

Time

  • Played on: Dec. 1, 2024, 2:57 p.m.
  • Length: 10:09

All games in this series

Show
View Real Time Build Order
Export as new Build Order

LiquidClem Terran - Winner!

Build Orders:  

Get SALT Encoding   

  12  0:00  SCV  
  13  0:12  SCV  
  14  0:17  Supply Depot  
  14  0:24  SCV  
  15  0:39  SCV  
  15  0:40  Barracks  
  16  0:43  Refinery  
  16  0:51  SCV  
  17  1:00  Barracks  
  17  1:03  SCV  
  18  1:15  SCV  
  19  1:27  Orbital Command, Reaper  
  19  1:32  Supply Depot  
  20  1:47  Reaper  
  21  1:53  SCV  
  22  2:02  Reaper  
  22  2:05  SCV  
  24  2:12  Command Center  
  24  2:17  SCV  
  24  2:19  Refinery  
  25  2:29  SCV  
  26  2:40  Factory  
  26  2:41  SCV  
  27  2:52  Barracks Reactor  
  27  2:53  SCV  
  28  2:59  Barracks Tech Lab  
  28  3:04  Command Center  
  28  3:05  SCV  
  28  3:17  SCV  
  28  3:18  Marine  
  30  3:22  Stimpack  
  30  3:28  Orbital Command  
  30  3:29  SCV  
  30  3:30  Marine x2  
  33  3:39  Marine  
  34  3:41  SCV  
  34  3:44  Starport  
  34  3:47  Factory Reactor  
  34  3:48  Marine  
  36  3:50  Marine  
  36  3:54  SCV x2  
  38  3:57  Marine  
  39  4:06  SCV  
  39  4:07  Marine  
  39  4:08  Marine  
  39  4:09  SCV  
  43  4:15  Marine  
  43  4:16  Orbital Command  
  44  4:18  SCV  
  44  4:21  SCV  
  46  4:24  Marine  
  46  4:25  Marine  
  46  4:29  Medivac, Factory Tech Lab  
  46  4:30  SCV  
  46  4:31  Medivac  
  53  4:33  Marine  
  53  4:34  Supply Depot  
  53  4:38  SCV  
  55  4:42  SCV, Marine  
  55  4:43  SCV, Marine  
  59  4:50  SCV  
  59  4:51  Supply Depot  
  61  4:55  Refinery  
  61  4:56  Orbital Command, SCV, Siege Tank  
  65  5:02  SCV, Marine  
  65  5:03  Marine  
  65  5:06  Combat Shield  
  68  5:08  SCV  
  68  5:09  Barracks  
  68  5:13  Refinery  
  69  5:14  SCV  
  69  5:16  Marine  
  69  5:19  Supply Depot  
  69  5:20  SCV, Marine  
  72  5:23  Engineering Bay  
  72  5:26  SCV x2  
  72  5:27  Engineering Bay  
  74  5:31  Marine  
  74  5:32  SCV  
  75  5:38  SCV x2  
  75  5:40  Marine  
  75  5:41  Marine  
  79  5:44  Supply Depot, SCV  
  79  5:45  Widow Mine  
  79  5:48  Marine  
  80  5:50  SCV x2  
  80  5:54  Barracks  
  80  5:56  SCV, Barracks, Medivac  
  85  5:58  Marine  
  85  6:00  Medivac, Barracks Reactor  
  85  6:01  Marine  
  85  6:02  SCV  
  85  6:04  SCV  
  85  6:07  Marine  
  85  6:08  SCV  
  86  6:14  Supply Depot, SCV  
  86  6:16  SCV, Marine  
  86  6:17  Siege Tank  
  92  6:19  Marine  
  92  6:20  SCV  
  93  6:27  SCV  
  93  6:30  Supply Depot  
  93  6:33  Supply Depot  
  93  6:35  Terran Infantry Weapons Level 1, Marine x2, SCV x2, Medivac  
  93  6:37  Terran Infantry Armor Level 1  
  93  6:38  Marine x2  
  101  6:42  Barracks Reactor  
  101  6:47  Barracks Reactor  
  101  6:48  Supply Depot  
  101  6:50  Refinery  
  101  6:51  Marine, Factory  
  101  6:52  SCV  
  101  6:53  Widow Mine  
  105  6:56  Supply Depot  
  105  6:57  Marine x2  
  107  7:01  Marine x2  
  107  7:02  Supply Depot  
  107  7:11  Marine  
  107  7:14  Marine  
  107  7:15  Marine, Command Center  
  98  7:17  SCV  
  98  7:18  SCV  
  98  7:19  SCV, Marine  
  98  7:22  Medivac  
  103  7:24  Marine x2, Widow Mine  
  103  7:25  Marine  
  103  7:26  Marine  
  103  7:27  Marine  
  103  7:29  SCV, Marine  
  112  7:32  Armory  
  112  7:35  Factory Reactor  
  112  7:36  Marine  
  113  7:39  Supply Depot  
  113  7:40  Marine x2, Sensor Tower  
  113  7:42  Marine x2  
  113  7:43  Marine  
  113  7:44  Marine  
  113  7:47  Liberator, Widow Mine  
  113  7:49  Marine x2  
  121  7:51  SCV  
  121  7:54  Marine  
  121  7:58  Marine x2  
  124  8:00  Marine x2, Medivac  
  124  8:01  Supply Depot, Marine  
  124  8:02  Marine  
  124  8:05  SCV x3, Refinery  
  134  8:07  Marine  
  134  8:09  Widow Mine  
  134  8:10  Marine  
  134  8:12  Marine  
  139  8:16  Marine, Widow Mine x2  
  139  8:19  Marine  
  145  8:20  Supply Depot  
  145  8:23  Marine x3  
  145  8:25  Marine  
  143  8:29  Marine  
  143  8:30  Marine, Widow Mine  
  147  8:35  Liberator x2  
  147  8:37  Marine x2, Widow Mine  
  147  8:38  Marauder  
  147  8:41  Marine  
  160  8:42  Marine  
  160  8:44  Supply Depot  
  161  8:49  SCV  
  161  8:50  SCV  
  161  8:54  Marine, Widow Mine  
  161  8:55  Marine  
  156  8:57  Marine  
  156  9:00  Widow Mine x2  
  157  9:07  Marine x2  
  157  9:08  Marine  
  156  9:10  Planetary Fortress  
  156  9:11  SCV  
  156  9:13  SCV, Marine  
  156  9:15  Marine  
  156  9:16  Widow Mine  
  157  9:19  SCV  
  157  9:20  Liberator x2  
  157  9:21  Widow Mine  
  167  9:24  Marine, Widow Mine  
  167  9:27  Marine  
  167  9:28  Marine  
  167  9:30  Marine  
  167  9:31  Marine x2  
  170  9:32  Marine  
  170  9:33  Marine  
  170  9:37  Widow Mine  
  175  9:41  Marine  
  175  9:42  Barracks  
  175  9:44  Barracks x2  
  173  9:45  Marine  
  173  9:49  Marine x5  
  173  9:50  Marine  
Show
View Real Time Build Order
Export as new Build Order

Serral Zerg 

Build Orders: Pool First 

Get SALT Encoding   

  12  0:00  Drone  
  13  0:11  Overlord  
  13  0:16  Drone  
  14  0:30  Drone x2  
  14  0:33  Drone  
  17  0:44  Spawning Pool  
  17  0:48  Drone  
  17  1:07  Hatchery  
  17  1:10  Drone  
  17  1:13  Drone  
  18  1:20  Extractor  
  18  1:21  Drone  
  18  1:30  Queen  
  20  1:33  Zergling x2  
  21  1:41  Overlord  
  21  1:48  Drone  
  22  2:00  Drone  
  23  2:06  Queen  
  25  2:14  Drone  
  26  2:20  Queen  
  28  2:27  Metabolic Boost  
  28  2:29  Drone x2  
  30  2:33  Drone  
  31  2:41  Overlord  
  31  2:46  Spore Crawler, Drone  
  31  2:50  Spore Crawler  
  30  2:53  Drone  
  32  2:59  Drone x4  
  32  3:03  Overlord  
  36  3:17  Drone  
  37  3:24  Extractor  
  37  3:26  Overlord  
  36  3:30  Drone x2  
  38  3:38  Drone  
  38  3:39  Hatchery, Drone  
  39  3:42  Drone x2, Overlord  
  39  3:45  Drone x2  
  43  3:49  Drone  
  43  3:53  Queen  
  46  4:05  Drone x6  
  50  4:11  Zergling x4  
  50  4:14  Queen  
  54  4:17  Overlord  
  54  4:18  Drone  
  54  4:21  Drone  
  56  4:25  Extractor  
  56  4:27  Baneling Nest  
  56  4:29  Lair  
  54  4:32  Zergling x4  
  54  4:33  Drone  
  54  4:35  Drone x2  
  54  4:37  Drone  
  60  4:41  Drone x2  
  62  4:49  Queen  
  62  4:50  Drone x2  
  66  4:54  Queen  
  66  4:59  Drone x2  
  69  5:00  Drone  
  69  5:06  Overlord  
  69  5:07  Zergling x6  
  72  5:09  Zergling x2  
  72  5:13  Zergling x2  
  75  5:15  Drone  
  75  5:18  Overlord  
  76  5:24  Extractor  
  76  5:25  Queen  
  76  5:26  Evolution Chamber  
  76  5:27  Zergling x4  
  78  5:29  Centrifugal Hooks  
  78  5:30  Queen  
  78  5:35  Zergling x6  
  82  5:36  Drone  
  82  5:37  Drone x3  
  82  5:39  Zergling x2  
  81  5:44  Drone x4  
  81  5:47  Drone  
  86  5:57  Hatchery  
  86  6:01  Zergling x16  
  81  6:04  Queen  
  81  6:09  Zergling x2  
  81  6:10  Queen, Zergling x4  
  82  6:15  Zerg Ground Armor Level 1  
  82  6:16  Extractor  
  79  6:20  Zergling x2  
  79  6:21  Zergling x8  
  81  6:26  Overlord  
  81  6:27  Zergling x2  
  81  6:28  Baneling  
  81  6:29  Baneling x2  
  81  6:30  Queen  
  83  6:33  Evolution Chamber  
  83  6:36  Zergling x6  
  85  6:43  Baneling x5  
  85  6:44  Hatchery  
  84  6:49  Zergling x10  
  84  6:52  Baneling x4  
  89  6:55  Baneling x5  
  89  6:56  Overseer  
  89  7:02  Zergling x6  
  89  7:03  Overseer  
  89  7:04  Pneumatized Carapace  
  89  7:06  Overlord  
  88  7:12  Zergling x12  
  88  7:14  Drone  
  90  7:17  Zerg Melee Weapons Level 1  
  90  7:18  Drone x3  
  90  7:22  Drone x3  
  94  7:27  Drone  
  94  7:28  Drone  
  95  7:30  Baneling x4  
  95  7:32  Burrow  
  95  7:34  Drone  
  95  7:35  Zergling x2  
  95  7:37  Baneling x2  
  97  7:40  Zergling x4  
  97  7:42  Zergling x4  
  101  7:46  Drone x3  
  101  7:49  Drone x3  
  101  7:50  Drone, Queen  
  110  7:55  Hatchery  
  110  7:56  Overlord  
  109  7:59  Zergling x6  
  109  8:03  Zergling x8  
  116  8:08  Zergling x10  
  117  8:14  Zergling x6  
  117  8:16  Baneling x7  
  119  8:23  Zergling x10  
  119  8:25  Baneling  
  119  8:26  Baneling x3  
  119  8:29  Zergling x2  
  119  8:30  Zergling x10  
  119  8:33  Zergling x6  
  123  8:42  Zergling x14  
  123  8:48  Baneling x10  
  130  8:49  Zergling x6  
  129  8:58  Zergling x16  
  131  9:07  Drone x6  
  125  9:12  Drone x2  
  125  9:16  Zergling x14  
  126  9:17  Overseer  
  126  9:18  Infestation Pit  
  124  9:26  Zergling x16  
  131  9:32  Zergling x4  
  131  9:38  Baneling x3  
  129  9:40  Zergling x6  
  129  9:44  Overseer  
  128  9:48  Zergling x24  
Tags
 
Add a new tag
Caveats
  • Supply blocks, unpowered buildings, or Contaminate may cause inaccurate times.
  • Supply counts are checked every 10 seconds.